Cogmind - Beta 10.2 *** ADVENTURER MODE // 2020.11.09 @ 14:20:30 // Halloween2020/ForbiddenLore Player: Qwze Result: Destroyed by G-47 Trooper with Particle Gun Performance ------------- Evolutions (2) 1000 Regions Visited (4) 800 Robots Destroyed (11) 55 Value Destroyed (278) 278 Prototype IDs (0) 0 Alien Tech Used (0) 0 Bonus (0) 0 TOTAL SCORE: 2133 Bonus ------- None Cogmind --------- Core Integrity 0/550 Matter 201/300 Energy 100/100 System Corruption 0% Temperature Cool (18) Movement Core (50) Location -8/Materials Parts ------- > --- POWER (2) -------- (None) > --- PROPULSION (4) --- (None) > --- UTILITY (3) ------ (None) > --- WEAPON (2) ------- (None) > --- INVENTORY (4) ---- Targeting Computer Dynamic Insulation System Grenade Launcher Peak State ------------ > --- POWER ------------ Light Deuterium Engine Light Deuterium Engine > --- PROPULSION ------- VTOL Module VTOL Module VTOL Module > --- UTILITY ---------- Large Storage Unit Improved Sensor Array > --- WEAPON ----------- High-powered Shotgun High-powered Shotgun > --- INVENTORY -------- VTOL Module VTOL Module Medium Storage Unit Particle Cannon Particle Cannon Grenade Launcher [Rating: 22] Favorites ----------- Power Light Deuterium Engine Engine Light Deuterium Engine Propulsion Aluminum Leg Leg Aluminum Leg Wheel Compact Wheel Flight Unit VTOL Module Utility Improved Sensor Array Device Improved Sensor Array Storage Small Storage Unit Processor Improved Salvage Targeting Computer Weapon Particle Cannon Energy Gun Small Laser Energy Cannon Particle Cannon Ballistic Gun High-powered Shotgun Launcher Grenade Launcher Build | -11 -10 -10 -9 -8 ------- Run | Scr Mat Min Mat Mat Slots Evolved 4 | . . . 2 2 Power 1 | . . . 1 . Propulsion 2 | . . . 1 1 Utility 1 | . . . . 1 Weapon . | . . . . . Parts Attached 33 | 6 2 1 17 7 Power 5 | 1 . . 4 . Engine 5 | 1 . . 4 . Core . | . . . . . Reactor . | . . . . . Propulsion 10 | 2 . . 7 1 Treads . | . . . . . Leg 4 | . . . 4 . Wheel 2 | 2 . . . . Hover . | . . . . . Flight 4 | . . . 3 1 Utility 7 | 1 1 . 1 4 Device 3 | . 1 . . 2 Storage 3 | 1 . . 1 1 Processor 1 | . . . . 1 Hackware . | . . . . . Protection . | . . . . . Artifact . | . . . . . Weapon 11 | 2 1 1 5 2 Energy Gun 3 | 1 . . . 2 Energy Cannon 3 | . 1 . 2 . Ballistic Gun 3 | 1 . . 2 . Ballistic Cannon . | . . . . . Launcher 2 | . . 1 1 . Special Weapon . | . . . . . Impact Weapon . | . . . . . Slashing Weapon . | . . . . . Piercing Weapon . | . . . . . Special Melee Weapon . | . . . . . Unidentified Prototypes . | . . . . . Parts Lost 1 | . . . 1 . Power 1 | . . . 1 . Propulsion . | . . . . . Utility . | . . . . . Weapon . | . . . . . Highest Loss Streak 1 | . . . 1 . Average Slot Usage (%) 89 | . 96 100 97 5 Engine 18 | . 14 14 21 . Leg 21 | . . . 28 . Wheel 6 | . 28 28 1 . Device 10 | . 10 14 10 1 Storage 10 | . 14 14 10 . Energy Cannon 13 | . 10 14 15 . Ballistic Gun 5 | . 14 5 4 . Launcher 1 | . . 8 1 . Naked Turns 148 | . . . 27 121 Heaviest Build 35 | 10 14 15 35 10 Greatest Support 30 | 26 26 26 30 3 Greatest Overweight (x) 10 | 1 . . 10 3 Average Overweight (x) . | . . . . . Largest Inventory Capacity 10 | 6 6 6 10 8 Average Capacity 7 | 5 6 6 7 4 Most Carried 7 | 4 6 6 7 4 Average Carried 5 | 2 5 6 5 3 Final Capacity 6 | 6 6 6 4 4 Final Carried 6 | 4 6 6 4 3 Class Distribution -------------------- 100% | Mutant Dominant Class ---------------- Mutant | -10/Materials Mutant | -10/Mines Mutant | -9/Materials Mutant | -8/Materials Resources | -11 -10 -10 -9 -8 ----------- Run | Scr Mat Min Mat Mat Matter Collected 510 | 192 . 23 295 . Remotely . | . . . . . Salvage Created 268 | . 20 . 248 . Parts 22 | . 5 . 17 . Haulers Intercepted . | . . . . . Recyclers Shooed 2 | . . . 2 . Parts Field Recycled . | . . . . . Retrieved Matter . | . . . . . Parts Self-Destructed . | . . . . . Prevented . | . . . . . Kills | -11 -10 -10 -9 -8 ------- Run | Scr Mat Min Mat Mat Combat Hostiles Destroyed 9 | . . . 9 . Guns 1 | . . . 1 . Cannons 4 | . . . 4 . AOE 4 | . . . 4 . Classes Destroyed 5 | . 1 . 4 . Recycler 1 | . . . 1 . Watcher 1 | . 1 . . . Swarmer 4 | . . . 4 . Grunt 2 | . . . 2 . Sentry 3 | . . . 3 . Best Kill Streak 5 | . 1 . 5 . Combat Bots Only 5 | . . . 5 . Max Kills in Single Turn 3 | . 1 . 3 . Gunslinging . | . . . . . Exploded 2 | . . . 2 . Melee . | . . . . . Uniques/NPCs Destroyed . | . . . . . Combat | -11 -10 -10 -9 -8 -------- Run | Scr Mat Min Mat Mat Damage Taken 937 | . . . 386 551 Core 638 | . . . 87 551 Absorbed by Shields . | . . . . . Core Remaining (%) 92 | 100 . 100 78 . Volleys Fired 16 | . 1 . 15 . Largest 2 | . 2 . 2 . Hottest 136 | . 88 . 136 . Shots Fired 31 | . 2 . 29 . Gun 9 | . 1 . 8 . Cannon 15 | . 1 . 14 . Launcher 7 | . . . 7 . Special . | . . . . . Kinetic 9 | . 1 . 8 . Thermal 15 | . 1 . 14 . Explosive 7 | . . . 7 . Electromagnetic . | . . . . . Robot Hit Streak 19 | . 1 . 19 . Robot Miss Streak 3 | . . . 3 . Penetration Max . | . . . . . Secondary Targets . | . . . . . Shots Hit Robots 15 | . 1 . 14 . Core Hits 26 | . 1 . 19 6 Critical Hits 2 | . . . 2 . Critical Kills 2 | . . . 2 . Critical Parts Destroyed . | . . . . . Melee Attacks . | . . . . . Impact . | . . . . . Slashing . | . . . . . Piercing . | . . . . . Sneak Attacks . | . . . . . Combat Hostiles . | . . . . . Follow-up Attacks . | . . . . . Damage Inflicted 852 | . 21 . 797 34 Guns 173 | . . . 173 . Cannons 163 | . 21 . 142 . Explosions 464 | . . . 464 . Melee . | . . . . . Ramming 52 | . . . 18 34 Kinetic 173 | . . . 173 . Thermal 163 | . 21 . 142 . Explosive 464 | . . . 464 . Electromagnetic . | . . . . . Impact . | . . . . . Slashing . | . . . . . Piercing . | . . . . . Highest Corruption . | . . . . . Average Corruption . | . . . . . Corruption Purged . | . . . . . Overload Shots . | . . . . . Overflow Damage 10 | . . . 10 . Projectiles . | . . . . . Explosions 10 | . . . 10 . Melee . | . . . . . Knockbacks 1 | . . . . 1 Impact 1 | . . . . 1 Kinetic . | . . . . . Secondary . | . . . . . Self-Inflicted Damage 31 | . . . 15 16 Shots 1 | . . . 1 . Rammed 7 | . . . 1 6 Targets Rammed 7 | . . . 1 6 Kicked . | . . . . . Crushed . | . . . . . Highest Temperature 303 | . 27 . 303 . Average Temperature 101 | . 15 . 105 . Received Heat Transfer 375 | . . . 186 189 Effects 3 | . . . 3 . Interference 3 | . . . 3 . Siege Activations . | . . . . . Robots Corrupted . | . . . . . Combat Hostiles . | . . . . . Parts Fried . | . . . . . Impact Corruptions . | . . . . . Robots Melted . | . . . . . Combat Hostiles . | . . . . . Parts Melted . | . . . . . Heat Transferred 296 | . 37 . 259 . Parts Sabotaged . | . . . . . Parts Stolen . | . . . . . Parts Stripped . | . . . . . Power Chain Reactions . | . . . . . Missiles Intercepted . | . . . . . Alert | -11 -10 -10 -9 -8 ------- Run | Scr Mat Min Mat Mat Peak Influence 185 | . 22 7 185 102 Initial 12 | . . 7 1 12 Average 51 | . 17 7 60 54 Maximum Alert Level . | . . . . . Low Security (%) 100 | 100 100 100 100 100 Level 1 . | . . . . . Level 2 . | . . . . . Level 3 . | . . . . . Level 4 . | . . . . . Level 5 . | . . . . . High Security . | . . . . . Max Security . | . . . . . Squads Dispatched . | . . . . . Investigation . | . . . . . Extermination . | . . . . . Reinforcement . | . . . . . Assault . | . . . . . Garrison . | . . . . . Intercept . | . . . . . Construction Impeded . | . . . . . Haulers Reinforced . | . . . . . Stealth | -11 -10 -10 -9 -8 --------- Run | Scr Mat Min Mat Mat Distress Signals 4 | . . . 2 2 Communications Jammed . | . . . . . Distress Signals . | . . . . . Times Spotted 28 | . 2 . 19 7 Peak Tracking Total 7 | . 1 . 7 7 Tactical Retreats 2 | . . . . 2 Traps | -11 -10 -10 -9 -8 ------- Run | Scr Mat Min Mat Mat Traps Triggered 1 | . . . . 1 Indirectly . | . . . . . Trap Hack Attempts . | . . . . . Triggered . | . . . . . Disarmed . | . . . . . Reprogrammed . | . . . . . Reused . | . . . . . Traps Extracted . | . . . . . Installed . | . . . . . Triggered . | . . . . . Machines | -11 -10 -10 -9 -8 ---------- Run | Scr Mat Min Mat Mat Machines Disabled . | . . . . . Max in Single Turn . | . . . . . Machines Sabotaged . | . . . . . Garrisons Compromised . | . . . . . Overloaded Fab Kills . | . . . . . Fab Network Shutdowns . | . . . . . Hacking | -11 -10 -10 -9 -8 --------- Run | Scr Mat Min Mat Mat Machines Accessed 5 | . 3 . 2 . Terminals 5 | . 3 . 2 . Fabricators . | . . . . . Repair Stations . | . . . . . Recycling Units . | . . . . . Scanalyzers . | . . . . . Garrison Access . | . . . . . Total Hacks 14 | . 9 . 5 . Successful 9 | . 6 . 3 . Failed 5 | . 3 . 2 . Catastrophic . | . . . . . Database Lockouts . | . . . . . Manual 6 | . 2 . 4 . Terminals 14 | . 9 . 5 . Fabricators . | . . . . . Repair Stations . | . . . . . Recycling Units . | . . . . . Scanalyzers . | . . . . . Garrison Access . | . . . . . Terminal Hacks 9 | . 6 . 3 . Record 5 | . 5 . . . Alert Level 1 | . 1 . . . Dispatch Records 1 | . . . 1 . Zone Layout 2 | . . . 2 . Fabricator Hacks . | . . . . . Repair Station Hacks . | . . . . . Recycling Unit Hacks . | . . . . . Scanalyzer . | . . . . . Garrison Access Hacks . | . . . . . Unauthorized Hacks . | . . . . . Terminals . | . . . . . Fabricators . | . . . . . Repair Stations . | . . . . . Recycling Units . | . . . . . Scanalyzers . | . . . . . Garrison Access . | . . . . . Data Cores Recovered . | . . . . . Used . | . . . . . Hacking Detections 3 | . 3 . . . Full Trace Events . | . . . . . Feedback Events . | . . . . . Feedback Blocked . | . . . . . Robot Schematics Acquired . | . . . . . Robots Built . | . . . . . Matter . | . . . . . Time . | . . . . . Total Robot Build Rating . | . . . . . Part Schematics Acquired . | . . . . . Parts Built . | . . . . . Matter . | . . . . . Time . | . . . . . Total Part Build Rating . | . . . . . Parts Repaired . | . . . . . Time . | . . . . . Parts Recycled . | . . . . . Recycled Matter . | . . . . . Retrieved Matter . | . . . . . Retrieved Components . | . . . . . Parts Scanalyzed . | . . . . . Part Schematics Acquired . | . . . . . Parts Damaged . | . . . . . Bothacking | -11 -10 -10 -9 -8 ------------ Run | Scr Mat Min Mat Mat Used RIF Installer . | . . . . . Robots Hacked . | . . . . . Non-combat . | . . . . . Combat . | . . . . . Robot Hacks Applied . | . . . . . Relay Couplers Released . | . . . . . Robots Rewired . | . . . . . Allies Hacked . | . . . . . Hacks Repelled . | . . . . . Allies | -11 -10 -10 -9 -8 -------- Run | Scr Mat Min Mat Mat Total Allies . | . . . . . Largest Group . | . . . . . Highest-Rated Group . | . . . . . Highest-Rated Ally . | . . . . . Total Orders . | . . . . . Ally Attacks . | . . . . . Total Damage . | . . . . . Kills . | . . . . . Allies Corrupted . | . . . . . Allies Melted . | . . . . . Intel | -11 -10 -10 -9 -8 ------- Run | Scr Mat Min Mat Mat Robot Analysis Total . | . . . . . Derelict Logs Recovered . | . . . . . Drone Launches . | . . . . . Drone Recoveries . | . . . . . Exploration | -11 -10 -10 -9 -8 ------------- Run | Scr Mat Min Mat Mat Turns Passed 1873 | 55 254 50 1366 148 Spaces Moved 1082 | 45 174 54 603 206 Core 270 | 9 . . 55 206 Treads . | . . . . . Legs 427 | . . . 427 . Wheels 366 | 36 174 54 102 . Hover . | . . . . . Flight 19 | . . . 19 . Fastest Speed 50 | 50 90 90 50 50 Average Speed 104 | 90 90 90 128 53 Slowest Speed 550 | 100 90 90 550 200 Overloaded Moves . | . . . . . Propulsion Burnouts . | . . . . . Robots Hopped . | . . . . . Cave-ins Triggered . | . . . . . Exploration Rate (%) 19 | 4 21 12 33 27 Regions Visited 4 Branch Regions 1 Pre-discovered Areas 1 | . . 1 . . Known Exits Taken . | . . . . . Unknown Exits Taken 4 | 1 1 1 1 . Scrap Searched 1 | . . 1 . . Spaces Dug . | . . . . . Terrain Destroyed 59 | . . . 59 . Melee . | . . . . . Projectile . | . . . . . AOE 59 | . . . 59 . Terrain Rammed . | . . . . . Walls Destroyed . | . . . . . Machines Disabled . | . . . . . Actions | -11 -10 -10 -9 -8 --------- Run | Scr Mat Min Mat Mat Total 1789 | 56 270 54 1167 242 Wait 617 | 2 85 . 508 22 Move 1078 | 44 173 53 602 206 Hop . | . . . . . Pick Up 21 | 4 6 . 11 . Fast Attach 17 | 6 . . 6 5 Attach 8 | . 2 . 4 2 Detach 2 | . . . 1 1 Swap 8 | . . 1 7 . Drop 15 | . 3 . 12 . Fire 16 | . 1 . 15 . Melee . | . . . . . Ram 7 | . . . 1 6 Kick . | . . . . . Crush . | . . . . . Escape Stasis . | . . . . . Rewire . | . . . . . Trap . | . . . . . Miscellaneous . | . . . . . Route ------- -11/Scrapyard -10/Materials -10/Mines -9/Materials -8/Materials History --------- Turn | Location | Event 5 | -11/Scrapyard | Discovered new exit (range 15) 56 | -11/Scrapyard | Entered Materials 56 | -10/Materials | Discovered new exit (range 14) 310 | -10/Materials | Entered Mines 311 | -10/Mines | Learned location of Storage (-9) 316 | -10/Mines | Build established: Mutant 344 | -10/Mines | Discovered new exit (range 9) 360 | -10/Mines | Entered Materials 360 | -9/Materials | Evolved 2 slots: Power x1, Propulsion x1 1002 | -9/Materials | Discovered new exit (range 11) 1699 | -9/Materials | Released all parts (9) 1726 | -9/Materials | Entered another Materials area 1726 | -8/Materials | Evolved 2 slots: Propulsion x1, Utility x1 1759 | -8/Materials | Released all parts (6) 1861 | -8/Materials | Core integrity fell below 50% 1869 | -8/Materials | Core integrity fell below 20% 1874 | -8/Materials | Destroyed by G-47 Trooper with Particle Gun Last Messages --------------- 01759_ Released VTOL Module. 01759_ Released Med. Storage Unit. 01759_ Released Dynamic Insulation System. 01760_ K-01 Serf collects debris. 01768_ T-07 Excavator is excavating. 01776_ W-25 Informer distress signal alerts nearby ally. 01776_ T-07 Excavator is excavating. 01778_ Penetrated by Slug. 01782_ Slammed into H-55 Commando. 01815_ Slammed into G-47 Trooper. 01815_ G-47 Trooper knocked back. 01816_ Slammed into G-47 Trooper. 01820_ K-01 Serf collects debris. 01856_ Triggered Blade Trap. 01856_ Massive razor-sharp blades shoot up from within the floor. 01858_ Slammed into G-47 Trooper. 01858_ Destabilizing: Core damaged (-11). 01865_ Penetrated by Slug. 01868_ Slug penetrates Wall. 01871_ Penetrated by Slug. Map ----- +----------------------------------------------------+ | ?????????????????????????????????????????????? | | ?????????????????????????????????????????????? | | ?????????????????????????????????????????????? | | ?????????????????????????????????????????????? | | ?????????????????????????????????????????????? | | ?????????????????????????????????????????????? | | ?????????????????????????????????????????????? | | ?????????????????????????????????????????????? | | ?????????????????????????????????????????????? | | ???????????????########??????????????????????? | | ???????????????#!!//!!#??????????????????????? | | ???????????????#!!//!!#??????????????????????? | | ???????????????# #??????????????????????? | | ???????????######## #??????????????????????? | | ???????????# # ########???????????????? | | ???????????# """ # # """ #???????????????? | | ???????????# "R" + + """ #???????????????? | | ???????????# " " # # """ #???????????????? | | ???????????# # # #???????????????? | | ???????????#! # # / #???????????????? | | ???????????######## # !#???????????????? | | ???????????########^ ########???????????????? | | ???????????# ! =# #??????????????????????? | | ???????????# # #??????????????????????? | | ???????????# # #??????????????????????? | | ???????????#* "T" # g@#??????????????????????? | | ???????????# """ + b/ ?????????????????????? | | ???????????# # g # ???????????????????? | | ???????????######## #####??????????????????? | | ?????????????????# !#?????????????????????? | | ???????????####### #?????????????????????? | | ?????+ ] +?????????????????????? | | ???????????####### #?????????????????????? | | ?????????????????# #????#+#??????????????? | | ????????????######## ###????# #??????????????? | | ????????????# """ # #??????# #??????????????? | | ????????????# """ #h######## #########??????? | | ????????????# """ + / #??????? | | ????????????# # ## ! #??????? | | ????????????# # ## ! ##+#???? | | ????????????# # ## ## #??## | | ????????????######## !!! ## //## #? | | ???????????????????# !!! ## ## # ! | | ???????????????????# !!! ######/## # | | ???????????????????# / "" | | ???????????????????# # S"" | | ???????????????????# ######+#### "T" # "" | | ???????????????????# #?????????# #?### | | ???????????????????# #?????????# #???? | | ??????????????????? #?????????# #???? | +----------------------------------------------------+ Best States ------------- Heat Dissipation 31 Energy Generation 23 Energy Capacity 275 Matter Stores 291 Matter Capacity 300 Sight Range 16 Robot Scan Range 13 Terrain Scan Density 10 EM Shielding 4 Resistance: KI 20 Resistance: TH 20 Resistance: EX 20 Resistance: EM 20 Resistance: I 20 Resistance: S 20 Resistance: P 20 Evasion (%) 50 Salvage Targeting 2 Offensive Hacking 10 Item Schematics ----------------- None Robot Schematics ------------------ None Fabricated ------------ Nothing Alien Tech Used ----------------- None Achievements -------------- None Challenges ------------ None Game ------ Seed VisualModifiedActivator Manual? 0 Play Time 00:25:06 Cumulative 9.5 hours Start 2020.11.09 @ 13:32:44 End 2020.11.09 @ 14:20:30 Sessions 1 Manual Loads 0 Difficulty Adventurer Special Mode Halloween2020/ForbiddenLore Game No. 32 Rogue 28 Adventurer 1 Explorer 3 Win Type - Total 0 Types 0/0/0/0/0/0/0/0/0 Lore% 13 Gallery% 16 Achievement% 6 Wizard Run 0 Options --------- ASCII 0 Keyboard 1 Movement Numpad Keybinds 0 Fullscreen 2 Font 18/SmallcapsGlow Map View 76x50 Tactical HUD 1 Map Filters NONE Filters NONE Steam 1 RUN: 29508732-fee2-44fc-a036-0f7231678428